 Dungeon Crawl Stone Soup version 0.30.0-29-ga12c61a403 (webtiles) character file.

Game seed: 4018754620187193956

1691 monsoonserge the Grappler (level 9, -6/70 HPs)
             Began as a Ghoul Gladiator on June 11, 2023.
             Was a Priest of Dithmenos.
             Mangled by Duvessa
             ... wielding a +0 short sword
              (8 damage)
             ... on level 6 of the Dungeon.
             The game lasted 00:15:19 (5689 turns).

monsoonserge the Grappler (Ghoul Gladiator)         Turns: 5689, Time: 00:15:19

Health: -6/70      AC: 14    Str: 22    XL:     9   Next: 2%
Magic:  9/9        EV: 10    Int:  3    God:    Dithmenos [***...]
Gold:   151        SH:  0    Dex: 16    Spells: 8/8 levels left

rFire   . .          .
                       - Unarmed
rCold   + . .        (no shield)
rNeg    + + +        b - +0 chain mail
rPois   ∞            u - +2 helmet
rElec   .            G - +0 cloak
rCorr   .            (no gloves)
SInv    .            (no boots)
Will    .....        (no amulet) Stlth
                     s - +6 ring of dexterity
HPRegen 0.00/turn    (no ring)
MPRegen 0.11/turn

%: no passive effects
@: inhibited regen, wreathed by umbra, invisible
A: claws 1, cold resistance 1, negative energy resistance 3, inhibited
regeneration, torment resistance 2, devour on kill
a: Renounce Religion, Shadow Step


You were on level 6 of the Dungeon.
You worshipped Dithmenos.
Dithmenos was most pleased with you.
You visited 2 branches of the dungeon, and saw 8 of its levels.
You also visited: Ossuary.

You collected 151 gold pieces.

Inventory:

Missiles
 c - 2 throwing nets (quivered)
 d - 7 javelins
Armour
 b - a +0 chain mail (worn)
 u - a +2 helmet (worn)
 G - a +0 cloak (worn)
Jewellery
 s - a +6 ring of dexterity (left claw)
Wands
 a - a wand of iceblast (12)
 E - a wand of polymorph (9)
Scrolls
 e - a scroll of brand weapon {unknown}
 f - 3 scrolls of fear {unknown}
 g - 3 scrolls of teleportation {unknown}
 k - 2 scrolls of fog {unknown}
 l - 2 scrolls of butterflies {unknown}
 n - 3 scrolls of silence {unknown}
 o - 4 scrolls of identify {unknown}
 p - 4 scrolls of amnesia {unknown}
 q - 2 scrolls of vulnerability {unknown}
 t - a scroll of acquirement {unknown}
 w - a scroll of enchant armour {unknown}
 y - 2 scrolls of blinking {unknown}
 z - a scroll of magic mapping {unknown}
 F - a scroll of enchant weapon {unknown}
Potions
 h - a potion of resistance {unknown}
 i - 2 potions of ambrosia
 j - a potion of might {unknown}
 m - 3 potions of lignification
 r - a potion of curing {unknown}
 v - 2 potions of invisibility
 x - 2 potions of mutation {unknown}
 A - 3 potions of heal wounds {unknown}
 B - 2 potions of brilliance {unknown}
 C - a potion of magic {unknown}
 D - a potion of haste {unknown}


   Skills:
 + Level 3.6 Fighting
 + Level 1.9 Throwing
 + Level 4.4 Armour
 + Level 3.6 Dodging
 + Level 1.7 Stealth
 * Level 10.1 Unarmed Combat
 + Level 2.0 Invocations


You had 8 spell levels left.
You didn't know any spells.
Your spell library was empty.

Dungeon Overview and Level Annotations

Branches:
Dungeon (7/15)             Temple (1/1) D:5         Ossuary (visited)

Altars:
Ashenzari
Dithmenos
Hepliaklqana
Kikubaaqudgha
Makhleb
Nemelex Xobeh
Okawaru
Qazlal
Ru
Sif Muna
Trog
Uskayaw
Vehumet
Wu Jian
Xom

Shops:
D:4 [=!=

Annotations:
D:6 Duvessa


Innate Abilities, Weirdness & Mutations

You are immune to poison.
You have sharp fingernails.
Your flesh is cold resistant. (rC+)
You are immune to negative energy. (rN+++)
You do not regenerate when monsters are visible.
You are immune to unholy pain and torment.
You thrive by killing the living.


Message History

Duvessa is heavily wounded.
You feel less invigorated.
You feel less confused. Duvessa closely misses you.
Okay, then.
It was a potion of invisibility.
You fade into invisibility!
Duvessa hits you with a +0 short sword!
* * * LOW HITPOINT WARNING * * *
You strike the helpless Duvessa from behind!
You scratch Duvessa.
Duvessa is severely wounded.
Duvessa hits you with a +0 short sword.
* * * LOW HITPOINT WARNING * * *
Duvessa hits you with a +0 short sword.
* * * LOW HITPOINT WARNING * * *
You catch the helpless Duvessa completely off-guard!
You scratch Duvessa.
Duvessa is severely wounded.
Duvessa hits you with a +0 short sword!
* * * LOW HITPOINT WARNING * * *
There is a stone staircase leading up here.
Press: ? - help, v - describe, . - travel
Here: Duvessa, wielding a +0 short sword and wearing a +0 leather armour (severely wounded, berserk, unable to see you, umbra)
The floor.
Duvessa hits you but does no damage. Duvessa closely misses you.
You climb upwards.
There is a stone staircase leading down here.
Throw: 3 throwing nets
Press: ? - help, Q - select action, (/) - cycle Shift-Dir - straight line, f - Duvessa
Aim: Duvessa, wielding a +0 short sword and wearing a +0 leather armour (severely wounded, berserk, unable to see you, umbra, 64% to hit)
You throw a throwing net. The throwing net barely misses Duvessa.
Press: ? - help, v - describe, . - travel
Here: Duvessa, wielding a +0 short sword and wearing a +0 leather armour (severely wounded, berserk, unable to see you, umbra)
The floor.
Press: ? - help, v - describe, . - travel
Here: Duvessa, wielding a +0 short sword and wearing a +0 leather armour (severely wounded, berserk, unable to see you, umbra)
The floor.
Duvessa hits you with a +0 short sword!
You die...

..............................#♣♣
.........##...........⌠.⌠....##♣.
.........###..........._.....#♣♣.
........## #..........⌠.⌠....#♣..
........# #.............[...#♣..
........# #.................'...
.......## ##.................#♣..
......## #......e...........#♣♣.
##..### #.....@............##♣♣
....# #........>..........##♣
#...# #....................##
##..# #......................
#..# #................###### #..#
##.............###...~) ##..#
##...(......#####~~.#### #...##
##..#.....(.##..~~~##+..#
.....####..##.......#..##### ....


You could see Duvessa (berserk, unable to see you).

Vanquished Creatures
  A kobold demonologist (D:6)
  A water moccasin (D:5)
  A black bear (D:5)
  An ice beast (D:6)
  A phantom (D:6)
  2 scorpions
  Dowan (D:7)
  3 wights (D:5)
  A centaur zombie (Ossuary)
  4 hounds
  2 orc priests (D:2)
  2 jellies
  2 sleepcaps (D:5)
  4 iguanas
  3 orc wizards
  4 mummies (Ossuary)
  12 adders
  2 white imps (D:6)
  2 ufetubi (D:6)
  A worm (D:2)
  9 orcs
  3 ball pythons
  6 endoplasms
  3 giant cockroaches
  A gnoll zombie (Ossuary)
  5 goblins
  7 hobgoblins
  2 jackals (D:4)
  7 kobolds
  A quokka (D:5)
  2 bats (D:2)
  A frilled lizard (D:3)
  A goblin zombie (Ossuary)
  A hobgoblin zombie (Ossuary)
  A kobold zombie (Ossuary)
  3 orc zombies (Ossuary)
  4 rats
107 creatures vanquished.

Notes
Turn   | Place    | Note
-------+----------+-------------------------------------------
     0 | D:1      | monsoonserge the Ghoul Gladiator began the quest for the
                  | Orb.
     0 | D:1      | Reached XP level 1. HP: 17/17 MP: 0/0
   103 | D:1      | Found a faded altar of an unknown god.
   111 | D:1      | Prayed at the altar of an unknown god.
   111 | D:1      | Became a worshipper of Dithmenos the Shadowed
   111 | D:1      | Reached * piety under Dithmenos
   247 | D:1      | Reached XP level 2. HP: 25/25 MP: 1/1
   823 | D:2      | Reached skill level 4 in Unarmed Combat
   823 | D:2      | Reached XP level 3. HP: 25/30 MP: 2/2
   831 | D:2      | Reached XP level 4. HP: 4/37 MP: 3/3
  1342 | D:2      | Reached ** piety under Dithmenos
  1343 | D:2      | Reached skill level 5 in Unarmed Combat
  1343 | D:2      | Reached XP level 5. HP: 24/44 MP: 4/4
  1612 | D:2      | Reached skill level 1 in Armour
  2229 | D:4      | Reached XP level 6. HP: 37/50 MP: 5/5
  2235 | D:4      | Found Hyironot's Jewellery Shop.
  2237 | D:4      | Found Ikiomm's Antique Armour Boutique.
  2394 | D:4      | Found a sand-covered staircase.
  2412 | D:4      | Reached skill level 6 in Unarmed Combat
  2456 | Ossuary  | Entered an ossuary
  2757 | Ossuary  | Reached skill level 1 in Invocations
  2815 | D:4      | Found a stormy altar of Qazlal.
  2830 | D:4      | Found Aherod's Distillery.
  2994 | D:4      | Reached XP level 7. HP: 56/56 MP: 6/6
  3002 | D:4      | Found a transporter.
  3002 | D:4      | Found Ubrum's Jewellery Boutique.
  3049 | D:4      | Found a transporter.
  3130 | D:5      | Entered Level 5 of the Dungeon
  3152 | D:5      | Reached skill level 7 in Unarmed Combat
  3639 | D:5      | Found a hazy altar of Hepliaklqana.
  3714 | D:5      | Reached skill level 1 in Stealth
  3719 | D:5      | Reached skill level 8 in Unarmed Combat
  3719 | D:5      | Reached XP level 8. HP: 63/63 MP: 8/8
  3759 | D:5      | Found a staircase to the Ecumenical Temple.
  3768 | D:5      | Reached *** piety under Dithmenos
  3773 | Temple   | Entered the Ecumenical Temple
  4331 | D:6      | Found a broken altar of Ashenzari.
  4332 | D:6      | Found a sacrificial altar of Ru.
  4334 | D:6      | Found an ancient bone altar of Kikubaaqudgha.
  4440 | D:6      | Found a sparkling altar of Nemelex Xobeh.
  4491 | D:6      | Identified the +2 robe of Jaddiunt {Will+ Regen+ MP+9
                  | Int-5}
  4501 | D:6      | Reached skill level 9 in Unarmed Combat
  4826 | D:6      | Noticed a kobold demonologist
  4852 | D:6      | Killed a kobold demonologist
  5635 | D:7      | Noticed Duvessa
  5635 | D:7      | Noticed Dowan
  5651 | D:6      | Reached skill level 10 in Unarmed Combat
  5668 | D:7      | Killed Dowan
  5669 | D:7      | Reached XP level 9. HP: 37/70 MP: 9/9
  5682 | D:7      | HP: 2/70 [Duvessa/+0 short sword (14)]
  5689 | D:6      | Mangled by Duvessa

Illustrated notes

Levels and vault maps discovered:
D:1:      sevenhm_arrival_forest_fort_large_3, layout_basic,
          ebering_ecumenical_altar_sacrificial, dreamdust_princess_bridge
D:2:      layout_loops_ring, minmay_misc_feat_cross, minmay_pentomino_u4
D:3:      layout_basic
D:4:      layout_rooms, grunt_qazlal_clouds, enter_ossuary_2, serial_shops,
          nicolae_shop_drivethru, shop, nicolae_shop_overgrown_old_shop,
          kennysheep_little_box
D:5:      layout_basic, nzn_hepliaklqana_mist_gate, minmay_temple_entry_fiery
D:6:      cheibrodos_two_vegetables, layout_layer_cave,
          nemelex_xobeh_ov_fountains_minmay, grunt_temple_overflow_open,
          kennysheep_potato
D:7:      layout_loops_corners, nicolae_yredelemnul_corpse_copse,
          uniq_crazy_yiuf_cottage, uniq_duvessa, uniq_maggie
Temple:   grunt_temple_mini_profane

Skill      XL: |  1  2  3  4  5  6  7  8 |
---------------+-------------------------+-----
Dodging        | 3 |  3.6
Unarmed Combat | 4 5 6 8 10 | 10.1
Armour         | 1 2 3 4 |  4.4
Invocations    | 1 2 |  2.0
Fighting       | 3 |  3.6
Stealth        | 1 |  1.7
Throwing       | |  1.9

Action                     |  1- 3 |  4- 6 |  7- 9 || total
---------------------------+-------+-------+-------++-------
  Melee: Unarmed           |    43 |   204 |   165 ||   412
         Punch             |     3 |     8 |     6 ||    17
  Throw: Throwing net      |       |       |     1 ||     1
    Use: Potion            |       |       |     3 ||     3
   Stab: Distracted        |       |     1 |       ||     1
         Invisible         |       |       |     2 ||     2
 Armour: Leather armour    |     9 |    14 |       ||    23
         Ring mail         |       |    32 |    20 ||    52
         Chain mail        |       |       |    35 ||    35
  Dodge: Dodged            |    16 |   133 |    92 ||   241
